 Dungeon Crawl Stone Soup version 0.29.0-15-g675c0067aa (webtiles) character file.

Game seed: 447953907542655422

109704 qw the Severer (level 16, -16/104 HPs)
             Began as a Gargoyle Fighter on Sept 13, 2022.
             Was a High Priest of Okawaru.
             Demolished by a two-headed ogre
             ... wielding a +0 giant spiked club
              (22 damage)
             ... on level 2 of the Orcish Mines.
             The game lasted 00:11:01 (26462 turns).

qw the Severer (Gargoyle Fighter)                  Turns: 26462, Time: 00:11:02

Health: -16/104    AC: 45    Str: 39    XL:     16   Next: 53%
Magic:  23/23      EV: 13    Int: 12    God:    Okawaru [*****.]
Gold:   1605       SH: 14    Dex: 14    Spells: 15/15 levels left

rFire   + + .      SeeInvis .   Y - +4 broad axe (venom)
rCold   + . .      Faith    .   A - +0 kite shield
rNeg    + . .      Spirit   .   c - +4 plate armour
rPois   inf        Reflect  .   w - +2 helmet of Integrity {rF+}
rElec   +          Harm     .   E - scarf {rC+ rF+}
rCorr   +          Rampage  inf l - +1 pair of gloves of the Endless Expanse {rCorr Dex+5}
Will    +....                   B - +3 pair of seven-league boots {Rampage+∞}
Stlth   ..........              m - amulet of the acrobat
HPRegen 0.27/turn               p - +6 ring of strength
MPRegen 0.18/turn               s - ring "Bioff" {Str+6 Int+2}

@: about to teleport, heroic, flying
A: sickness immunity, AC +12, big wings, negative energy resistance 1,
electricity resistance, torment resistance 1, petrification resistance
a: Renounce Religion, Heroism, Finesse, Duel


You were on level 2 of the Orcish Mines.
You worshipped Okawaru.
Okawaru was extremely pleased with you.
You visited 4 branches of the dungeon, and saw 23 of its levels.

You collected 2286 gold pieces.
You spent 681 gold pieces at shops.


Innate Abilities, Weirdness & Mutations

You are immune to sickness and miasma.
Your stone body is resilient. (AC +12)
You are immune to poison.
Your large and strong wings let you fly.
You resist negative energy. (rN+)
You are resistant to electric shocks. (rElec)
You are resistant to unholy torment.
You are immune to petrification.


   Skills:
 - Level 13.0(18.0) Fighting
 + Level 17.2(22.2) Axes
 - Level 5.0(10.0) Throwing
 - Level 12.0(17.0) Armour
 - Level 5.1(10.1) Dodging
 - Level 13.0(18.0) Shields
 - Level 10.0 Invocations


You had 15 spell levels left.
You didn't know any spells.
Your spell library was empty.

Inventory:

Hand Weapons
 n - a +4 hand axe of flaming
 Y - a +4 broad axe of venom (weapon)
Missiles
 h - 5 boomerangs (quivered)
Armour
 b - a +1 cloak
 c - a +4 plate armour (worn)
 f - a +4 chain mail of cold resistance
 l - the +1 pair of gloves of the Endless Expanse (worn) {rCorr Dex+5}
   (You found it on level 3 of the Dungeon)

   Dex:       It affects your dexterity (+5).
   rCorr:     It protects you from acid and corrosion.
 u - +0 acid dragon scales
 w - the +2 helmet of Integrity (worn) {rF+}
   (You found it on level 3 of the Lair of Beasts)

   rF:        It protects you from fire.
 A - a +0 kite shield (worn)
 B - the +3 pair of seven-league boots (worn) {Rampage+∞}
   (Okawaru gifted it to you on level 15 of the Dungeon)

   Its wearer moves as far as possible in that direction when moving towards
   enemies.
 E - a scarf of resistance (worn)
Jewellery
 e - a ring of fire
 m - an amulet of the acrobat (around neck)
 p - a +6 ring of strength (left hand)
 q - a ring of protection from fire
 s - the ring "Bioff" (right hand) {Str+6 Int+2}
   (You found it on level 5 of the Lair of Beasts)

   [ring of strength]

   Str:       It affects your strength (+6).
   Int:       It affects your intelligence (+2).
 v - a ring of protection from cold
Scrolls
 a - 8 scrolls of teleportation
 o - 19 scrolls of identify
 z - 2 scrolls of fog
Potions
 d - 7 potions of might
 g - 3 potions of attraction
 i - 3 potions of haste
 j - 2 potions of cancellation
 k - 3 potions of heal wounds
 r - a potion of resistance
 t - 8 potions of curing
 x - 3 potions of mutation

Dungeon Overview and Level Annotations

Branches:
Dungeon (15/15)            Temple (1/1) D:5            Lair (5/5) D:10
  Swamp (0/4) Lair:2       Spider (0/4) Lair:2        Slime (0/5) Lair:4
    Orc (2/2) D:9          Vaults (0/5) D:14         Depths (0/4) D:15
    Elf: Orc:2

Altars:
Ashenzari
Cheibriados
Dithmenos
Elyvilon
Fedhas
Gozag
Hepliaklqana
Kikubaaqudgha
Makhleb
Nemelex Xobeh
Okawaru
Qazlal
Ru
Sif Muna
Trog
Uskayaw
Vehumet
Wu Jian
Xom
Yredelemnul
Zin
The Shining One

Shops:
D:6 *   Orc:2 (

Annotations:
D:5 1 runed translucent door, qw's ghost, novice GrFi
D:8 3 runed translucent doors, qw's ghost, novice GrFi
D:12 1 transporter


Message History

The two-headed ogre closely misses you.
You slash the two-headed ogre!
The two-headed ogre looks as sick as possible!
The two-headed ogre is moderately wounded.
You slash the cyclops! Something hits you but does no damage.
A cyclops comes into view.
The cyclops shouts!
You slash the cyclops!
The cyclops is heavily wounded.
You hit the two-headed ogre but do no damage.
The two-headed ogre is poisoned.
You barely miss the two-headed ogre. You block the cyclops's attack.
The two-headed ogre hits you with a +0 giant club!!
You block the two-headed ogre's attack.
You completely miss the cyclops.
The cyclops is heavily wounded.
You slash the two-headed ogre! You slice the two-headed ogre!!
The two-headed ogre looks as sick as possible!
The two-headed ogre hits you but does no damage. x2
Something hits you but does no damage.
You closely miss the two-headed ogre.
The two-headed ogre is almost dead.
You hit the ogre.
The ogre is poisoned.
You hit the cyclops.
The cyclops is poisoned.
You hit the two-headed ogre.
The two-headed ogre looks as sick as possible!
The cyclops hits you!
An ogre comes into view. It is wielding a +0 giant club.
The two-headed ogre completely misses you.
The two-headed ogre hits you with a +0 giant spiked club.
The ogre hits you with a +0 giant spiked club!
26462 ||| READING 9 scrolls of teleportation.
As you read the scroll of teleportation, it crumbles to dust.
You feel strangely unstable.
The ogre shouts!
You hear a shout! x2
You kill the two-headed ogre!
Okawaru accepts your kill. Something hits you but does no damage.
The two-headed ogre hits you with a +0 giant spiked club!!
You die...

...........##....#.
.............#......##\.
#........$....)..#......
................<.......
..........$).........#..
..#...................#.
##.............<.......)
#.....O))...............
#....C@)(...#..........
......O))...............
.....{..#...............
........##..... ........
........# ..... ........
..C...... .... ........
......... ... ........
O........ ... ........
........


You could see a two-headed ogre (extremely poisoned), 2 cyclopes and 2 ogres.

Vanquished Creatures
  Rupert (D:15)
  A caustic shrike zombie (D:15)
  An orc warlord (Orc:1)
  2 ettins
  A fire dragon (shapeshifter) (D:15)
  Josephine (D:14)
  4 vault guards (D:14)
  Fannar (D:11)
  4 boulder beetles
  An ogre mage (Orc:2)
  10 hydras
  A catoblepas (D:14)
  8 two-headed ogres
  2 death knights
  6 centaur warriors
  A titan zombie (D:15)
  3 tengu warriors (D:14)
  8 death yaks
  Urug (D:11)
  Nergalle (Lair:3)
  An orc high priest (Orc:2)
  Lodul (D:13)
  4 skeletal warriors
  2 goliath frogs (Lair:5)
  A flayed ghost (D:15)
  3 deep trolls
  2 phantasmal warriors (D:13)
  2 deep elf pyromancers (D:15)
  3 orc knights
  5 lindwurms
  2 necromancers
  A harpy (shapeshifter) (D:12)
  Pikel (D:7)
  5 cyclopes
  6 ugly things
  4 manticores
  10 elephants
  Maurice (D:11)
  5 black mambas
  19 cane toads
  Maggie (D:9)
  2 gargoyles
  2 unseen horrors (D:12)
  2 freezing wraiths (D:14)
  7 komodo dragons
  2 ice devils (Lair:3)
  2 tengu conjurers
  3 meliai (D:15)
  A hornet (D:9)
  10 trolls
  7 polar bears
  A polar bear (shapeshifter) (D:13)
  3 tyrant leeches (Lair:5)
  6 slime creatures
  22 blink frogs
  2 spriggan zombies (D:15)
  4 dream sheep (Lair:5)
  4 culicivoras (Lair:2)
  4 water elementals (D:15)
  Sigmund (D:5)
  2 shadows
  4 wyverns
  53 yaks
  8 wraiths
  2 steam dragons
  A basilisk (Lair:1)
  A redback (shapeshifter) (D:15)
  22 vampire mosquitoes
  Menkaure (D:7)
  4 acid dragons
  2 wargs
  14 water moccasins
  6 black bears
  20 orc warriors
  2 ice beasts (D:8)
  A sky beast (D:8)
  6 wolves
  28 ogres
  9 centaurs
  5 phantoms
  4 lemures (D:7)
  4 kobold brigands
  2 gnoll sergeants
  22 bullfrogs
  2 necrophages
  18 wights
  8 killer bees
  3 howler monkeys
  6 electric eels
  17 jellies
  15 orc priests
  4 gnoll boudas
  Jessica (D:2)
  Ijyb (D:5)
  16 orc wizards
  6 iguanas
  4 hell rats (Lair:3)
  A yak simulacrum (Lair:5)
  A polar bear simulacrum (Lair:5)
  5 wolf simulacra (Lair:5)
  20 gnolls
  9 adders
  A shadow imp (D:5)
  An ufetubus (D:4)
  A worm (D:4)
  2 dart slugs
  55 orcs
  11 ball pythons
  6 endoplasms
  2 giant cockroaches (D:3)
  14 goblins
  10 hobgoblins
  2 jackals (D:1)
  20 kobolds
  3 quokkas
  4 bats
  2 frilled lizards (D:1)
  7 rats
  2 rat zombies (D:4)
  4 river rat simulacra (Lair:5)
729 creatures vanquished.

Vanquished Creatures (others)
  86 fungi
  152 plants
  8 withered plants (D:15)
246 creatures vanquished.

Grand Total: 975 creatures vanquished

Notes
Turn   | Place    | Note
-------+----------+-------------------------------------------
     0 | D:1      | qw the Gargoyle Fighter began the quest for the Orb.
     0 | D:1      | Reached XP level 1. HP: 14/14 MP: 1/1
     0 | D:1      | 0 ||| qw: Version: 0.1-a-119-g272c26d
     0 | D:1      | 0 ||| qw: Game counter: 11064
     0 | D:1      | 0 ||| qw: Always use a shield: true
     0 | D:1      | 0 ||| qw: God list: Okawaru
     0 | D:1      | 0 ||| qw: Allow faded altars: false
     0 | D:1      | 0 ||| qw: Do Orc after D:15 true
     0 | D:1      | 0 ||| qw: Do second Lair branch before Depths: true
     0 | D:1      | 0 ||| qw: Lair rune preference: random
     0 | D:1      | 0 ||| qw: Plans: Normal, Zot, God:TSO, Crypt, Tomb, Pan,
                  | Slime, Hells, Zig, Abyss, Orb
     0 | D:1      | 0 ||| PLANNING D:1-11
    39 | D:1      | 39 ||| Stepping ~*~*~tactically~*~*~ (stealth).
    42 | D:1      | Reached skill level 2 in Axes
   274 | D:1      | Reached XP level 2. HP: 19/19 MP: 2/2
   322 | D:1      | 322 ||| Stepping ~*~*~tactically~*~*~ (stealth).
   331 | D:1      | 331 ||| Stepping ~*~*~tactically~*~*~ (stealth).
   343 | D:1      | 343 ||| Stepping ~*~*~tactically~*~*~ (stealth).
   655 | D:1      | Reached skill level 3 in Axes
   709 | D:1      | Found a faded altar of an unknown god.
   710 | D:1      | 710 ||| Stepping ~*~*~tactically~*~*~ (stealth).
   716 | D:1      | Reached XP level 3. HP: 23/23 MP: 3/3
   991 | D:1      | 991 ||| READING 2 scrolls labelled MEGYUT DUQO.
   996 | D:1      | 996 ||| READING scroll labelled CAIDEFFUV XUUCW.
   997 | D:1      | 997 ||| DRINKING 3 bubbling puce potions.
  1101 | D:1      | 1101 ||| DROPPING 2 potions of berserk rage.
  1138 | D:2      | Noticed Jessica
  1141 | D:2      | 1141 ||| Stepping ~*~*~tactically~*~*~ (hiding).
  1142 | D:2      | 1142 ||| Stepping ~*~*~tactically~*~*~ (hiding).
  1149 | D:2      | Killed Jessica
  1220 | D:2      | Reached XP level 4. HP: 28/28 MP: 4/4
  1558 | D:2      | Reached skill level 4 in Axes
  1774 | D:3      | 1774 ||| STAIRDANCE
  1778 | D:3      | 1778 ||| STAIRDANCE
  1884 | D:2      | 1884 ||| DROPPING +0 club.
  1890 | D:3      | 1890 ||| STAIRDANCE
  1928 | D:3      | 1928 ||| DROPPING +0 flail.
  1996 | D:3      | 1996 ||| FLEEEEING.
  1997 | D:3      | 1997 ||| FLEEEEING.
  1998 | D:3      | 1998 ||| FLEEEEING.
  1999 | D:3      | 1999 ||| FLEEEEING.
  2000 | D:3      | 2000 ||| FLEEEEING.
  2001 | D:3      | 2001 ||| FLEEEEING.
  2006 | D:3      | 2006 ||| FLEEEEING.
  2007 | D:3      | 2007 ||| FLEEEEING.
  2008 | D:3      | 2008 ||| FLEEEEING.
  2009 | D:3      | 2009 ||| FLEEEEING.
  2010 | D:3      | 2010 ||| FLEEEEING.
  2011 | D:3      | 2011 ||| FLEEEEING.
  2012 | D:3      | 2012 ||| FLEEEEING.
  2013 | D:3      | 2013 ||| FLEEEEING.
  2014 | D:3      | 2014 ||| FLEEEEING.
  2015 | D:3      | 2015 ||| FLEEEEING.
  2016 | D:3      | 2016 ||| FLEEEEING.
  2022 | D:3      | 2022 ||| STAIRDANCE
  2088 | D:2      | 2088 ||| DRINKING 2 golden potions.
  2089 | D:2      | 2089 ||| DRINKING 2 green potions.
  2092 | D:3      | 2092 ||| Stepping ~*~*~tactically~*~*~ (hiding).
  2178 | D:3      | Identified the +1 pair of gloves of the Endless Expanse
                  | {rCorr Dex+5}
  2420 | D:3      | Noticed an ogre
  2432 | D:3      | Killed an ogre
  2433 | D:3      | Reached skill level 5 in Axes
  2433 | D:3      | Reached XP level 5. HP: 23/32 MP: 5/5
  2759 | D:3      | 2759 ||| UPGRADING to +1 pair of gloves of the Endless
                  | Expanse {rCorr Dex+5}.
  2764 | D:3      | 2764 ||| UPGRADING to +0 chain mail.
  2774 | D:3      | 2774 ||| DROPPING +0 scale mail.
  2775 | D:3      | 2775 ||| UPGRADING to +2 pair of boots.
  2780 | D:3      | 2780 ||| READING scroll labelled AGUAFO BUOF.
  2835 | D:3      | 2835 ||| DRINKING 2 ruby potions.
  2836 | D:3      | 2836 ||| DRINKING 2 white potions.
  2837 | D:3      | 2837 ||| DRINKING 2 bubbling black potions.
  2838 | D:3      | 2838 ||| DROPPING potion of flight.
  2839 | D:3      | 2839 ||| DROPPING potion of brilliance.
  2867 | D:4      | 2867 ||| PLANNING OSSUARY
  2878 | D:4      | Reached skill level 1 in Dodging
  3100 | D:4      | 3100 ||| Stepping ~*~*~tactically~*~*~ (hiding).
  3107 | D:4      | Reached XP level 6. HP: 23/38 MP: 6/6
  3488 | D:4      | 3488 ||| RIP OSSUARY
  3534 | D:4      | 3534 ||| PLANNING D:1-11
  3539 | D:4      | 3539 ||| Stepping ~*~*~tactically~*~*~ (hiding).
  3703 | D:4      | 3703 ||| Stepping ~*~*~tactically~*~*~ (stealth).
  3743 | D:4      | 3743 ||| Stepping ~*~*~tactically~*~*~ (stealth).
  3773 | D:4      | 3773 ||| Stepping ~*~*~tactically~*~*~ (stealth).
  3986 | D:4      | 3986 ||| UPGRADING to +0 cloak.
  3991 | D:4      | 3991 ||| UPGRADING to +0 helmet.
  3996 | D:4      | 3996 ||| READING scroll labelled ZYIZOD ETUMNUMNI.
  4045 | D:5      | Entered Level 5 of the Dungeon
  4069 | D:5      | Reached skill level 6 in Axes
  4069 | D:5      | Reached XP level 7. HP: 35/43 MP: 7/7
  4173 | D:5      | Found a runed translucent door.
  4178 | D:5      | Noticed qw's ghost (novice GrFi)
  4291 | D:5      | Found a staircase to the Ecumenical Temple.
  4292 | D:5      | 4292 ||| PLANNING TEMPLE
  4292 | D:5      | 4292 ||| DROPPING +6 ring of intelligence.
  4293 | D:5      | 4293 ||| DRINKING 2 fizzy golden potions.
  4394 | D:5      | 4394 ||| DROPPING potion of ambrosia.
  4404 | Temple   | Entered the Ecumenical Temple
  4533 | Temple   | 4533 ||| PLANNING D:1-11
  4546 | Temple   | Became a worshipper of Warmaster Okawaru
  4615 | D:5      | Noticed Sigmund
  4617 | D:5      | Noticed Ijyb
  4619 | D:5      | 4619 ||| DRINKING 3 potions of curing.
  4619 | D:5      | 4619 ||| (to cure confusion)
  4621 | D:5      | 4621 ||| DRINKING 2 potions of curing.
  4621 | D:5      | 4621 ||| (to cure confusion)
  4623 | D:5      | 4623 ||| DRINKING potion of curing.
  4623 | D:5      | 4623 ||| (to cure confusion)
  4625 | D:5      | Killed Sigmund
  4627 | D:5      | HP: 7/43 [Ijyb/bolt of light (10)]
  4628 | D:5      | 4628 ||| READING 4 scrolls of teleportation.
  4971 | D:5      | Found a basalt altar of Yredelemnul.
  5008 | D:5      | Reached skill level 7 in Axes
  5174 | D:5      | Found a bloodstained altar of Trog.
  5258 | D:5      | 5258 ||| Stepping ~*~*~tactically~*~*~ (hiding).
  5273 | D:5      | 5273 ||| Stepping ~*~*~tactically~*~*~ (hiding).
  5280 | D:5      | Killed Ijyb
  5280 | D:5      | Reached * piety under Okawaru
  5281 | D:5      | Reached XP level 8. HP: 46/48 MP: 8/8
  5314 | D:5      | Reached skill level 1 in Invocations
  5453 | D:5      | 5453 ||| READING 2 scrolls of identify.
  5453 | D:5      | 5453 ||| IDENTIFYING yellow potion
  5498 | D:4      | Found an ancient bone altar of Kikubaaqudgha.
  5575 | D:6      | 5575 ||| INVOKING Heroism.
  5622 | D:6      | 5622 ||| INVOKING Heroism.
  5691 | D:6      | 5691 ||| Stepping ~*~*~tactically~*~*~ (stealth).
  5970 | D:6      | Reached skill level 3 in Invocations
  5976 | D:6      | Found Vogunoem's Fire Supplies.
  6081 | D:6      | 6081 ||| BUYING ring of protection from fire (325 gold).
  6081 | D:6      | Bought a ring of protection from fire for 325 gold pieces
  6189 | D:6      | 6189 ||| Stepping ~*~*~tactically~*~*~ (stealth).
  6191 | D:6      | 6191 ||| Stepping ~*~*~tactically~*~*~ (stealth).
  6195 | D:6      | 6195 ||| Stepping ~*~*~tactically~*~*~ (stealth).
  6206 | D:6      | 6206 ||| Stepping ~*~*~tactically~*~*~ (stealth).
  6254 | D:6      | 6254 ||| INVOKING Heroism.
  6298 | D:6      | 6298 ||| Stepping ~*~*~tactically~*~*~ (hiding).
  6300 | D:6      | 6300 ||| INVOKING Heroism.
  6311 | D:6      | Reached skill level 8 in Axes
  6379 | D:6      | 6379 ||| Stepping ~*~*~tactically~*~*~ (hiding).
  6380 | D:6      | 6380 ||| INVOKING Heroism.
  6382 | D:6      | 6382 ||| Stepping ~*~*~tactically~*~*~ (hiding).
  6394 | D:6      | Reached skill level 6 in Fighting
  6650 | D:6      | Reached ** piety under Okawaru
  6651 | D:6      | Reached skill level 1 in Throwing
  6651 | D:6      | Reached XP level 9. HP: 53/55 MP: 12/12
  6689 | D:6      | 6689 ||| UPGRADING to +0 plate armour.
  6699 | D:6      | 6699 ||| DROPPING +0 chain mail.
  6700 | D:6      | 6700 ||| UPGRADING to +6 ring of strength.
  6701 | D:6      | 6701 ||| UPGRADING to ring of protection from fire.
  6702 | D:6      | 6702 ||| READING scroll labelled ODAAHI NAQOECS.
  6703 | D:6      | 6703 ||| READING scroll labelled RIOCIUG NATAU.
  6704 | D:6      | 6704 ||| READING scroll labelled PUTOAPLEMAR.
  6705 | D:6      | 6705 ||| DRINKING 2 murky sapphire potions.
  6706 | D:6      | 6706 ||| READING 4 scrolls of identify.
  6706 | D:6      | 6706 ||| IDENTIFYING fuming white potion
  6707 | D:6      | 6707 ||| DROPPING potion of degeneration.
  6735 | D:7      | 6735 ||| INVOKING Heroism.
  6798 | D:7      | Noticed Menkaure
  6799 | D:7      | 6799 ||| INVOKING Heroism.
  6805 | D:7      | Killed Menkaure
  6851 | D:7      | 6851 ||| Stepping ~*~*~tactically~*~*~ (hiding).
  6854 | D:7      | 6854 ||| Stepping ~*~*~tactically~*~*~ (stealth).
  6856 | D:7      | 6856 ||| DRINKING potion of curing.
  6856 | D:7      | 6856 ||| (to cure confusion)
  6857 | D:7      | 6857 ||| INVOKING Heroism.
  6874 | D:7      | Reached skill level 6 in Armour
  6918 | D:7      | 6918 ||| INVOKING Heroism.
  6921 | D:7      | 6921 ||| Stepping ~*~*~tactically~*~*~ (stealth).
  6930 | D:7      | 6930 ||| Stepping ~*~*~tactically~*~*~ (stealth).
  7299 | D:7      | 7299 ||| SWAPPING to +0 broad axe.
  7301 | D:7      | Noticed Pikel
  7302 | D:7      | 7302 ||| Stepping ~*~*~tactically~*~*~ (stealth).
  7303 | D:7      | 7303 ||| Stepping ~*~*~tactically~*~*~ (stealth).
  7304 | D:7      | 7304 ||| DROPPING +0 war axe.
  7370 | D:7      | 7370 ||| Stepping ~*~*~tactically~*~*~ (stealth).
  7466 | D:7      | 7466 ||| INVOKING Heroism.
  7477 | D:7      | Killed Pikel
  7478 | D:7      | Reached skill level 9 in Axes
  7736 | D:7      | 7736 ||| INVOKING Heroism.
  7839 | D:8      | 7839 ||| Stepping ~*~*~tactically~*~*~ (stealth).
  7841 | D:8      | 7841 ||| Stepping ~*~*~tactically~*~*~ (hiding).
  7846 | D:8      | 7846 ||| INVOKING Heroism.
  7848 | D:8      | 7848 ||| Stepping ~*~*~tactically~*~*~ (hiding).
  7866 | D:8      | Reached *** piety under Okawaru
  7915 | D:8      | Noticed a two-headed ogre
  7916 | D:8      | 7916 ||| Stepping ~*~*~tactically~*~*~ (stealth).
  7965 | D:8      | 7965 ||| INVOKING Heroism.
  7972 | D:8      | Killed a two-headed ogre
  7973 | D:8      | Reached XP level 10. HP: 43/64 MP: 11/13
  7996 | D:8      | 7996 ||| FLEEEEING.
  8042 | D:8      | 8042 ||| FLEEEEING.
  8059 | D:8      | 8059 ||| Stepping ~*~*~tactically~*~*~ (stealth).
  8066 | D:8      | 8066 ||| Stepping ~*~*~tactically~*~*~ (stealth).
  8093 | D:8      | 8093 ||| INVOKING Heroism.
  8144 | D:8      | 8144 ||| Stepping ~*~*~tactically~*~*~ (stealth).
  8146 | D:8      | 8146 ||| Stepping ~*~*~tactically~*~*~ (stealth).
  8148 | D:8      | 8148 ||| Stepping ~*~*~tactically~*~*~ (hiding).
  8262 | D:8      | 8262 ||| Stepping ~*~*~tactically~*~*~ (hiding).
  8270 | D:8      | 8270 ||| Stepping ~*~*~tactically~*~*~ (hiding).
  8362 | D:8      | 8362 ||| Stepping ~*~*~tactically~*~*~ (hiding).
  8378 | D:8      | 8378 ||| Stepping ~*~*~tactically~*~*~ (stealth).
  8382 | D:8      | 8382 ||| FLEEEEING.
  8383 | D:8      | 8383 ||| FLEEEEING.
  8384 | D:8      | 8384 ||| FLEEEEING.
  8386 | D:8      | 8386 ||| FLEEEEING.
  8387 | D:8      | 8387 ||| FLEEEEING.
  8388 | D:8      | 8388 ||| FLEEEEING.
  8389 | D:8      | 8389 ||| FLEEEEING.
  8390 | D:8      | 8390 ||| FLEEEEING.
  8391 | D:8      | 8391 ||| FLEEEEING.
  8392 | D:8      | 8392 ||| FLEEEEING.
  8393 | D:8      | 8393 ||| FLEEEEING.
  8394 | D:8      | 8394 ||| FLEEEEING.
  8395 | D:8      | 8395 ||| FLEEEEING.
  8414 | D:8      | 8414 ||| INVOKING Heroism.
  8448 | D:8      | 8448 ||| INVOKING Heroism.
  8466 | D:8      | Noticed a boulder beetle
  8482 | D:8      | 8482 ||| INVOKING Heroism.
  8484 | D:8      | 8484 ||| Stepping ~*~*~tactically~*~*~ (stealth).
  8497 | D:8      | 8497 ||| INVOKING Heroism.
  8502 | D:8      | Killed a boulder beetle
  8503 | D:8      | Reached skill level 10 in Axes
  8555 | D:8      | Identified the +2 robe of Tomorrow {Will+ Str+2}
  8612 | D:8      | 8612 ||| Stepping ~*~*~tactically~*~*~ (stealth).
  8614 | D:8      | 8614 ||| INVOKING Heroism.
  8631 | D:8      | Found a runed translucent gate.
  8631 | D:8      | Found a runed translucent gate.
  8631 | D:8      | Found a runed translucent gate.
  8632 | D:8      | Noticed a kobold demonologist
  8660 | D:8      | 8660 ||| Stepping ~*~*~tactically~*~*~ (stealth).
  8666 | D:8      | 8666 ||| Stepping ~*~*~tactically~*~*~ (stealth).
  8667 | D:8      | 8667 ||| Stepping ~*~*~tactically~*~*~ (stealth).
  8668 | D:8      | 8668 ||| Stepping ~*~*~tactically~*~*~ (stealth).
  8690 | D:8      | Noticed qw's ghost (novice GrFi)
  8803 | D:8      | Found a hide-covered altar of Uskayaw.
  8818 | D:8      | 8818 ||| INVOKING Heroism.
  8847 | D:8      | 8847 ||| Stepping ~*~*~tactically~*~*~ (stealth).
  8850 | D:8      | 8850 ||| FLEEEEING.
  8851 | D:8      | 8851 ||| FLEEEEING.
  8852 | D:8      | 8852 ||| Stepping ~*~*~tactically~*~*~ (stealth).
  8853 | D:8      | 8853 ||| FLEEEEING.
  8854 | D:8      | 8854 ||| FLEEEEING.
  8855 | D:8      | 8855 ||| FLEEEEING.
  8857 | D:8      | 8857 ||| INVOKING Heroism.
  9282 | D:8      | 9282 ||| READING 2 scrolls labelled ONARYMP TI YMOS.
  9283 | D:8      | 9283 ||| READING scroll of enchant armour.
  9283 | D:8      | 9283 ||| ENCHANTING +0 helmet.
  9284 | D:8      | 9284 ||| DRINKING 2 fuming clear potions.
  9285 | D:8      | 9285 ||| READING 4 scrolls of identify.
  9285 | D:8      | 9285 ||| IDENTIFYING sedimented dark potion
  9324 | D:9      | 9324 ||| Stepping ~*~*~tactically~*~*~ (stealth).
  9330 | D:9      | 9330 ||| Stepping ~*~*~tactically~*~*~ (stealth).
  9332 | D:9      | 9332 ||| Stepping ~*~*~tactically~*~*~ (stealth).
  9334 | D:9      | 9334 ||| INVOKING Heroism.
  9340 | D:9      | Reached **** piety under Okawaru
  9344 | D:9      | Reached XP level 11. HP: 68/68 MP: 12/14
  9350 | D:9      | Reached skill level 11 in Axes
  9391 | D:9      | Found a staircase to the Orcish Mines.
  9457 | D:9      | 9457 ||| INVOKING Heroism.
  9483 | D:9      | 9483 ||| READING scroll of enchant armour.
  9483 | D:9      | 9483 ||| ENCHANTING +1 helmet.
  9503 | D:9      | 9503 ||| DROPPING +1 vorpal flail.
  9533 | D:9      | 9533 ||| Stepping ~*~*~tactically~*~*~ (stealth).
  9535 | D:9      | 9535 ||| INVOKING Heroism.
  9650 | D:9      | 9650 ||| Stepping ~*~*~tactically~*~*~ (hiding).
  9752 | D:9      | Found a sacrificial altar of Ru.
  9816 | D:9      | Noticed Maggie
  9829 | D:9      | Killed Maggie
  9830 | D:9      | Reached skill level 9 in Fighting
  9830 | D:9      | Reached skill level 6 in Invocations
 10000 | D:9      | 10000 ||| INVOKING Heroism.
 10139 | D:10     | Entered Level 10 of the Dungeon
 10220 | D:10     | 10220 ||| Stepping ~*~*~tactically~*~*~ (stealth).
 10224 | D:10     | 10224 ||| Stepping ~*~*~tactically~*~*~ (stealth).
 10227 | D:10     | Noticed a two-headed ogre
 10228 | D:10     | 10228 ||| INVOKING Heroism.
 10240 | D:10     | Killed a two-headed ogre
 10240 | D:10     | Reached ***** piety under Okawaru
 10257 | D:10     | Reached skill level 9 in Armour
 10257 | D:10     | 10257 ||| DRINKING 2 potions of curing.
 10257 | D:10     | 10257 ||| (to cure confusion)
 10267 | D:10     | Found a staircase to the Lair.
 10285 | D:10     | 10285 ||| INVOKING Heroism.
 10691 | D:10     | 10691 ||| INVOKING Heroism.
 10878 | D:10     | 10878 ||| PLANNING LAIR
 10878 | D:10     | 10878 ||| READING scroll labelled XONWUTW WIJU.
 10879 | D:10     | 10879 ||| READING scroll labelled GIMNAO GILILE.
 10943 | Lair:1   | Entered Level 1 of the Lair of Beasts
 10944 | Lair:1   | 10944 ||| INVOKING Heroism.
 10945 | Lair:1   | 10945 ||| Stepping ~*~*~tactically~*~*~ (stealth).
 10946 | Lair:1   | 10946 ||| Stepping ~*~*~tactically~*~*~ (stealth).
 10970 | Lair:1   | 10970 ||| INVOKING Heroism.
 10981 | Lair:1   | Reached XP level 12. HP: 26/76 MP: 16/18
 11370 | Lair:1   | Reached skill level 9 in Invocations
 11445 | Lair:1   | 11445 ||| INVOKING Heroism.
 11466 | Lair:1   | 11466 ||| Stepping ~*~*~tactically~*~*~ (stealth).
 11478 | Lair:1   | Reached skill level 12 in Axes
 11607 | Lair:1   | 11607 ||| INVOKING Heroism.
 11612 | Lair:1   | Received a gift from Okawaru
 12042 | Lair:1   | 12042 ||| UPGRADING to amulet of the acrobat.
 12084 | Lair:2   | Noticed an eight-headed hydra
 12085 | Lair:2   | 12085 ||| INVOKING Heroism.
 12086 | Lair:2   | 12086 ||| INVOKING Finesse.
 12088 | Lair:2   | 12088 ||| SWAPPING to +0 morningstar.
 12095 | Lair:2   | Killed an eight-headed hydra
 12096 | Lair:2   | 12096 ||| SWAPPING to +0 broad axe.
 12136 | Lair:2   | Noticed an eight-headed hydra
 12137 | Lair:2   | 12137 ||| INVOKING Heroism.
 12141 | Lair:2   | 12141 ||| SWAPPING to +0 morningstar.
 12144 | Lair:2   | Killed an eight-headed hydra
 12145 | Lair:2   | Reached skill level 3 in Dodging
 12145 | Lair:2   | 12145 ||| SWAPPING to +0 broad axe.
 12284 | Lair:2   | 12284 ||| Stepping ~*~*~tactically~*~*~ (stealth).
 12324 | Lair:2   | Found a staircase to the Swamp.
 12351 | Lair:2   | 12351 ||| Stepping ~*~*~tactically~*~*~ (stealth).
 12352 | Lair:2   | 12352 ||| Stepping ~*~*~tactically~*~*~ (stealth).
 12359 | Lair:2   | 12359 ||| Stepping ~*~*~tactically~*~*~ (stealth).
 12360 | Lair:2   | 12360 ||| INVOKING Heroism.
 12367 | Lair:2   | 12367 ||| Stepping ~*~*~tactically~*~*~ (stealth).
 12377 | Lair:2   | Reached skill level 6 in Shields
 12479 | Lair:2   | 12479 ||| Stepping ~*~*~tactically~*~*~ (stealth).
 12482 | Lair:2   | 12482 ||| INVOKING Heroism.
 12503 | Lair:2   | 12503 ||| INVOKING Heroism.
 12765 | Lair:2   | 12765 ||| INVOKING Heroism.
 12765 | Lair:2   | HP: 19/77 [culicivora (14)]
 12766 | Lair:2   | 12766 ||| READING 9 scrolls of teleportation.
 12767 | Lair:2   | 12767 ||| DRINKING 3 potions of heal wounds.
 13100 | Lair:2   | 13100 ||| Stepping ~*~*~tactically~*~*~ (stealth).
 13101 | Lair:2   | 13101 ||| Stepping ~*~*~tactically~*~*~ (stealth).
 13221 | Lair:2   | 13221 ||| Stepping ~*~*~tactically~*~*~ (stealth).
 13223 | Lair:2   | Found a hole to the Spider Nest.
 13401 | Lair:2   | 13401 ||| INVOKING Heroism.
 13544 | Lair:2   | 13544 ||| INVOKING Heroism.
 13708 | Lair:2   | 13708 ||| READING scroll labelled LUMAAC QIALUA.
 13709 | Lair:2   | 13709 ||| READING 7 scrolls of identify.
 13709 | Lair:2   | 13709 ||| IDENTIFYING viscous golden potion
 13710 | Lair:2   | 13710 ||| DROPPING potion of invisibility.
 13715 | Lair:2   | 13715 ||| Stepping ~*~*~tactically~*~*~ (stealth).
 13729 | Lair:2   | 13729 ||| INVOKING Heroism.
 13731 | Lair:2   | Reached skill level 13 in Axes
 13924 | Lair:3   | Noticed a death yak
 13925 | Lair:3   | 13925 ||| Stepping ~*~*~tactically~*~*~ (stealth).
 13972 | Lair:3   | Reached XP level 13. HP: 82/82 MP: 20/20
 13975 | Lair:3   | Identified the +2 helmet of Integrity {rF+}
 14078 | Lair:3   | 14078 ||| INVOKING Heroism.
 14082 | Lair:3   | Noticed Nergalle
 14085 | Lair:3   | Identified the +5 rapier of Integrity {protect, Str+2}
                  | (Okawaru gifted it to you on level 3 of the Lair of Beasts)
 14085 | Lair:3   | Received a gift from Okawaru
 14097 | Lair:3   | Killed Nergalle
 14225 | Lair:3   | Found a dark tunnel.
 14280 | Lair:3   | 14280 ||| Stepping ~*~*~tactically~*~*~ (stealth).
 14281 | Lair:3   | 14281 ||| Stepping ~*~*~tactically~*~*~ (stealth).
 14282 | Lair:3   | 14282 ||| INVOKING Heroism.
 14283 | Lair:3   | 14283 ||| Stepping ~*~*~tactically~*~*~ (stealth).
 14286 | Lair:3   | 14286 ||| INVOKING Finesse.
 14509 | Lair:3   | 14509 ||| INVOKING Heroism.
 14576 | Lair:3   | 14576 ||| INVOKING Heroism.
 14677 | Lair:3   | 14677 ||| INVOKING Heroism.
 14728 | Lair:3   | 14728 ||| Stepping ~*~*~tactically~*~*~ (stealth).
 14729 | Lair:3   | 14729 ||| Stepping ~*~*~tactically~*~*~ (stealth).
 14730 | Lair:3   | 14730 ||| Stepping ~*~*~tactically~*~*~ (stealth).
 14735 | Lair:3   | 14735 ||| Stepping ~*~*~tactically~*~*~ (stealth).
 14737 | Lair:3   | 14737 ||| Stepping ~*~*~tactically~*~*~ (stealth).
 14738 | Lair:3   | 14738 ||| Stepping ~*~*~tactically~*~*~ (stealth).
 14796 | Lair:3   | 14796 ||| INVOKING Heroism.
 15051 | Lair:3   | Reached skill level 14 in Axes
 15241 | Lair:3   | 15241 ||| UPGRADING to +2 helmet of Integrity {rF+}.
 15251 | Lair:3   | 15251 ||| DROPPING +2 helmet.
 15252 | Lair:3   | 15252 ||| UPGRADING to ring of protection from cold.
 15254 | Lair:3   | 15254 ||| READING scroll labelled RUCZOU GAGE.
 15310 | Lair:4   | 15310 ||| Stepping ~*~*~tactically~*~*~ (stealth).
 15385 | Lair:4   | 15385 ||| Stepping ~*~*~tactically~*~*~ (stealth).
 15389 | Lair:4   | 15389 ||| INVOKING Heroism.
 15392 | Lair:4   | 15392 ||| Stepping ~*~*~tactically~*~*~ (stealth).
 15483 | Lair:4   | 15483 ||| INVOKING Heroism.
 15485 | Lair:4   | 15485 ||| INVOKING Finesse.
 15488 | Lair:4   | 15488 ||| SWAPPING to +0 morningstar.
 15494 | Lair:4   | 15494 ||| Stepping ~*~*~tactically~*~*~ (outnumbered).
 15495 | Lair:4   | 15495 ||| Stepping ~*~*~tactically~*~*~ (outnumbered).
 15497 | Lair:4   | 15497 ||| Stepping ~*~*~tactically~*~*~ (outnumbered).
 15498 | Lair:4   | 15498 ||| Stepping ~*~*~tactically~*~*~ (outnumbered).
 15499 | Lair:4   | 15499 ||| Stepping ~*~*~tactically~*~*~ (outnumbered).
 15500 | Lair:4   | 15500 ||| Stepping ~*~*~tactically~*~*~ (outnumbered).
 15501 | Lair:4   | 15501 ||| INVOKING Finesse.
 15504 | Lair:4   | 15504 ||| Stepping ~*~*~tactically~*~*~ (outnumbered).
 15505 | Lair:4   | 15505 ||| Stepping ~*~*~tactically~*~*~ (outnumbered).
 15510 | Lair:4   | 15510 ||| Stepping ~*~*~tactically~*~*~ (outnumbered).
 15514 | Lair:4   | 15514 ||| Stepping ~*~*~tactically~*~*~ (outnumbered).
 15515 | Lair:4   | 15515 ||| SWAPPING to +1 broad axe.
 15517 | Lair:4   | Received a gift from Okawaru
 15526 | Lair:4   | 15526 ||| SWAPPING to +0 morningstar.
 15531 | Lair:4   | 15531 ||| SWAPPING to +1 broad axe.
 15538 | Lair:4   | 15538 ||| Stepping ~*~*~tactically~*~*~ (stealth).
 15540 | Lair:4   | 15540 ||| Stepping ~*~*~tactically~*~*~ (stealth).
 15541 | Lair:4   | 15541 ||| Stepping ~*~*~tactically~*~*~ (stealth).
 15543 | Lair:4   | 15543 ||| Stepping ~*~*~tactically~*~*~ (stealth).
 15546 | Lair:4   | 15546 ||| INVOKING Heroism.
 15718 | Lair:4   | 15718 ||| INVOKING Heroism.
 15773 | Lair:4   | 15773 ||| Stepping ~*~*~tactically~*~*~ (stealth).
 15774 | Lair:4   | 15774 ||| Stepping ~*~*~tactically~*~*~ (stealth).
 15775 | Lair:4   | 15775 ||| Stepping ~*~*~tactically~*~*~ (stealth).
 15776 | Lair:4   | 15776 ||| INVOKING Heroism.
 15779 | Lair:4   | 15779 ||| Stepping ~*~*~tactically~*~*~ (stealth).
 15811 | Lair:4   | Found a staircase to the Slime Pits.
 15846 | Lair:4   | 15846 ||| Stepping ~*~*~tactically~*~*~ (stealth).
 15847 | Lair:4   | 15847 ||| Stepping ~*~*~tactically~*~*~ (stealth).
 15848 | Lair:4   | 15848 ||| Stepping ~*~*~tactically~*~*~ (stealth).
 15849 | Lair:4   | 15849 ||| Stepping ~*~*~tactically~*~*~ (stealth).
 15990 | Lair:4   | 15990 ||| Stepping ~*~*~tactically~*~*~ (stealth).
 15991 | Lair:4   | 15991 ||| Stepping ~*~*~tactically~*~*~ (stealth).
 15992 | Lair:4   | 15992 ||| INVOKING Heroism.
 15993 | Lair:4   | 15993 ||| SWAPPING to +0 morningstar.
 15994 | Lair:4   | 15994 ||| INVOKING Finesse.
 15995 | Lair:4   | 15995 ||| INVOKING Finesse.
 15997 | Lair:4   | 15997 ||| Stepping ~*~*~tactically~*~*~ (outnumbered).
 15998 | Lair:4   | 15998 ||| Stepping ~*~*~tactically~*~*~ (outnumbered).
 15999 | Lair:4   | 15999 ||| Stepping ~*~*~tactically~*~*~ (outnumbered).
 16000 | Lair:4   | 16000 ||| Stepping ~*~*~tactically~*~*~ (outnumbered).
 16004 | Lair:4   | 16004 ||| Stepping ~*~*~tactically~*~*~ (outnumbered).
 16011 | Lair:4   | 16011 ||| SWAPPING to +1 broad axe.
 16126 | Lair:4   | 16126 ||| Stepping ~*~*~tactically~*~*~ (stealth).
 16128 | Lair:4   | 16128 ||| Stepping ~*~*~tactically~*~*~ (stealth).
 16130 | Lair:4   | 16130 ||| Stepping ~*~*~tactically~*~*~ (stealth).
 16155 | Lair:4   | 16155 ||| INVOKING Heroism.
 16156 | Lair:4   | 16156 ||| INVOKING Finesse.
 16158 | Lair:4   | 16158 ||| SWAPPING to +0 morningstar.
 16164 | Lair:4   | 16164 ||| SWAPPING to +1 broad axe.
 16364 | Lair:4   | You fall into a shaft and drop 1 floor!
 16364 | Lair:5   | Entered Level 5 of the Lair of Beasts
 16365 | Lair:5   | 16365 ||| INVOKING Heroism.
 16422 | Lair:5   | 16422 ||| Stepping ~*~*~tactically~*~*~ (stealth).
 16425 | Lair:5   | 16425 ||| INVOKING Heroism.
 16449 | Lair:5   | 16449 ||| INVOKING Heroism.
 16506 | Lair:5   | 16506 ||| INVOKING Finesse.
 16510 | Lair:5   | 16510 ||| SWAPPING to +0 morningstar.
 16512 | Lair:5   | Gained mutation: Your large and strong wings let you fly.
                  | [Gargoyle growth]
 16512 | Lair:5   | Reached XP level 14. HP: 67/90 MP: 15/21
 16512 | Lair:5   | 16512 ||| SWAPPING to +1 broad axe.
 16566 | Lair:5   | 16566 ||| FLEEEEING.
 16567 | Lair:5   | 16567 ||| FLEEEEING.
 16568 | Lair:5   | 16568 ||| FLEEEEING.
 16569 | Lair:5   | 16569 ||| FLEEEEING.
 16570 | Lair:5   | 16570 ||| FLEEEEING.
 16571 | Lair:5   | 16571 ||| FLEEEEING.
 16572 | Lair:5   | 16572 ||| STAIRDANCE
 16710 | Lair:4   | 16710 ||| INVOKING Heroism.
 16722 | Lair:4   | Reached skill level 15 in Axes
 16961 | Lair:4   | Identified the +5 ring mail of Evolution {rPois}
 16987 | Lair:4   | 16987 ||| DROPPING +1 pair of gloves of infusion.
 16988 | Lair:4   | 16988 ||| READING scroll labelled ODOROI XUISYI.
 17033 | Lair:5   | 17033 ||| INVOKING Heroism.
 17078 | Lair:5   | 17078 ||| Stepping ~*~*~tactically~*~*~ (stealth).
 17236 | Lair:5   | Received a gift from Okawaru
 17288 | Lair:5   | 17288 ||| INVOKING Heroism.
 17302 | Lair:5   | 17302 ||| Stepping ~*~*~tactically~*~*~ (stealth).
 17314 | Lair:5   | 17314 ||| Stepping ~*~*~tactically~*~*~ (stealth).
 17317 | Lair:5   | 17317 ||| INVOKING Finesse.
 17320 | Lair:5   | 17320 ||| SWAPPING to +0 morningstar.
 17325 | Lair:5   | 17325 ||| SWAPPING to +1 broad axe.
 17328 | Lair:5   | 17328 ||| Stepping ~*~*~tactically~*~*~ (stealth).
 17342 | Lair:5   | 17342 ||| Stepping ~*~*~tactically~*~*~ (stealth).
 17411 | Lair:5   | Reached skill level 12 in Fighting
 17424 | Lair:5   | 17424 ||| INVOKING Heroism.
 17447 | Lair:5   | 17447 ||| INVOKING Heroism.
 17481 | Lair:5   | 17481 ||| Stepping ~*~*~tactically~*~*~ (stealth).
 17482 | Lair:5   | 17482 ||| INVOKING Finesse.
 17493 | Lair:5   | 17493 ||| Stepping ~*~*~tactically~*~*~ (stealth).
 17581 | Lair:5   | 17581 ||| INVOKING Heroism.
 17816 | Lair:5   | 17816 ||| READING scroll of enchant armour.
 17816 | Lair:5   | 17816 ||| ENCHANTING +0 cloak.
 17822 | Lair:5   | 17822 ||| INVOKING Heroism.
 17866 | Lair:5   | 17866 ||| INVOKING Finesse.
 17868 | Lair:5   | 17868 ||| Stepping ~*~*~tactically~*~*~ (stealth).
 17869 | Lair:5   | 17869 ||| Stepping ~*~*~tactically~*~*~ (stealth).
 17870 | Lair:5   | 17870 ||| Stepping ~*~*~tactically~*~*~ (stealth).
 17871 | Lair:5   | 17871 ||| INVOKING Heroism.
 17883 | Lair:5   | 17883 ||| Stepping ~*~*~tactically~*~*~ (stealth).
 17892 | Lair:5   | Reached skill level 16 in Axes
 18081 | Lair:5   | Received a gift from Okawaru
 18118 | Lair:5   | 18118 ||| Stepping ~*~*~tactically~*~*~ (stealth).
 18120 | Lair:5   | 18120 ||| Stepping ~*~*~tactically~*~*~ (stealth).
 18122 | Lair:5   | 18122 ||| INVOKING Heroism.
 18272 | Lair:5   | Identified the +6 mace of Ezeosula {venom, +Blink Will+
                  | MP+9}
 18277 | Lair:5   | Identified the ring "Bioff" {Str+6 Int+2}
 18714 | Lair:5   | 18714 ||| PLANNING D:1-11
 18714 | Lair:5   | 18714 ||| UPGRADING to +4 chain mail of cold resistance.
 18724 | Lair:5   | 18724 ||| DROPPING +0 plate armour.
 18725 | Lair:5   | 18725 ||| UPGRADING to +0 kite shield.
 18735 | Lair:5   | 18735 ||| DROPPING +0 buckler.
 18736 | Lair:5   | 18736 ||| UPGRADING to ring "Bioff" {Str+6 Int+2}.
 18884 | D:11     | 18884 ||| INVOKING Heroism.
 18958 | D:11     | 18958 ||| FLEEEEING.
 18959 | D:11     | 18959 ||| FLEEEEING.
 18967 | D:11     | 18967 ||| STAIRDANCE
 19054 | D:11     | Identified the +8 long sword of Contention {spect, Fly rC-
                  | Int+4 Stlth+}
 19097 | D:11     | Noticed Maurice
 19098 | D:11     | 19098 ||| Stepping ~*~*~tactically~*~*~ (hiding).
 19100 | D:11     | 19100 ||| Stepping ~*~*~tactically~*~*~ (hiding).
 19107 | D:11     | 19107 ||| INVOKING Heroism.
 19115 | D:11     | Killed Maurice
 19151 | D:11     | 19151 ||| READING scroll of enchant weapon.
 19151 | D:11     | 19151 ||| ENCHANTING +1 broad axe.
 19367 | D:11     | 19367 ||| INVOKING Heroism.
 19370 | D:11     | Reached skill level 9 in Shields
 19371 | D:11     | Noticed Urug
 19372 | D:11     | 19372 ||| INVOKING Finesse.
 19375 | D:11     | 19375 ||| Stepping ~*~*~tactically~*~*~ (hiding).
 19390 | D:11     | Killed Urug
 19396 | D:11     | 19396 ||| Stepping ~*~*~tactically~*~*~ (stealth).
 19668 | D:11     | Reached skill level 3 in Throwing
 19714 | D:11     | 19714 ||| Stepping ~*~*~tactically~*~*~ (stealth).
 19763 | D:11     | 19763 ||| Stepping ~*~*~tactically~*~*~ (stealth).
 19764 | D:11     | 19764 ||| Stepping ~*~*~tactically~*~*~ (stealth).
 19766 | D:11     | 19766 ||| Stepping ~*~*~tactically~*~*~ (stealth).
 19813 | D:11     | Noticed Fannar
 19814 | D:11     | 19814 ||| Stepping ~*~*~tactically~*~*~ (hiding).
 19816 | D:11     | 19816 ||| Stepping ~*~*~tactically~*~*~ (hiding).
 19818 | D:11     | 19818 ||| Stepping ~*~*~tactically~*~*~ (hiding).
 19831 | D:11     | 19831 ||| INVOKING Heroism.
 19843 | D:11     | Killed Fannar
 19844 | D:11     | Reached XP level 15. HP: 81/96 MP: 20/22
 20032 | D:11     | 20032 ||| PLANNING D
 20032 | D:11     | 20032 ||| UPGRADING to +4 plate armour.
 20199 | D:12     | Found a transporter.
 20206 | D:12     | 20206 ||| Stepping ~*~*~tactically~*~*~ (stealth).
 20472 | D:12     | 20472 ||| INVOKING Heroism.
 20638 | D:12     | 20638 ||| Stepping ~*~*~tactically~*~*~ (stealth).
 20640 | D:12     | 20640 ||| INVOKING Heroism.
 21067 | D:12     | Found a radiant altar of Vehumet.
 21267 | D:12     | 21267 ||| UPGRADING to scarf of resistance.
 21277 | D:12     | 21277 ||| DROPPING amulet of magic regeneration.
 21278 | D:12     | 21278 ||| DROPPING ring of willpower.
 21279 | D:12     | 21279 ||| DROPPING ring of positive energy.
 21333 | D:13     | 21333 ||| INVOKING Heroism.
 21334 | D:13     | 21334 ||| SWAPPING to +0 morningstar.
 21335 | D:13     | 21335 ||| INVOKING Finesse.
 21342 | D:13     | 21342 ||| SWAPPING to +2 broad axe.
 21422 | D:13     | Noticed Lodul
 21423 | D:13     | 21423 ||| Stepping ~*~*~tactically~*~*~ (hiding).
 21430 | D:13     | 21430 ||| INVOKING Heroism.
 21437 | D:13     | Killed Lodul
 21475 | D:13     | Found an ancient bone altar of Kikubaaqudgha.
 21595 | D:13     | 21595 ||| INVOKING Heroism.
 21597 | D:13     | 21597 ||| Stepping ~*~*~tactically~*~*~ (stealth).
 21598 | D:13     | 21598 ||| Stepping ~*~*~tactically~*~*~ (stealth).
 21599 | D:13     | 21599 ||| Stepping ~*~*~tactically~*~*~ (stealth).
 21705 | D:13     | 21705 ||| INVOKING Heroism.
 21955 | D:13     | 21955 ||| INVOKING Heroism.
 22124 | D:13     | 22124 ||| READING scroll of enchant weapon.
 22124 | D:13     | 22124 ||| ENCHANTING +2 broad axe.
 22318 | D:14     | 22318 ||| PLANNING GAUNTLET
 22369 | D:14     | 22369 ||| Stepping ~*~*~tactically~*~*~ (stealth).
 22370 | D:14     | 22370 ||| Stepping ~*~*~tactically~*~*~ (stealth).
 22394 | D:14     | Reached skill level 12 in Shields
 22568 | D:14     | Noticed Josephine
 22572 | D:14     | 22572 ||| INVOKING Heroism.
 22582 | D:14     | Killed Josephine
 22597 | D:14     | 22597 ||| INVOKING Heroism.
 22601 | D:14     | HP: 21/96 [vault guard/+0 glaive (5)]
 22602 | D:14     | 22602 ||| READING 10 scrolls of teleportation.
 22603 | D:14     | 22603 ||| DRINKING 2 potions of heal wounds.
 22737 | D:14     | 22737 ||| RIP GAUNTLET
 22819 | D:14     | 22819 ||| PLANNING D
 22828 | D:14     | 22828 ||| Stepping ~*~*~tactically~*~*~ (hiding).
 22830 | D:14     | 22830 ||| Stepping ~*~*~tactically~*~*~ (hiding).
 22831 | D:14     | 22831 ||| Stepping ~*~*~tactically~*~*~ (hiding).
 22832 | D:14     | 22832 ||| Stepping ~*~*~tactically~*~*~ (hiding).
 22940 | D:14     | Found a gate to the Vaults.
 22946 | D:14     | 22946 ||| Stepping ~*~*~tactically~*~*~ (stealth).
 22947 | D:14     | 22947 ||| Stepping ~*~*~tactically~*~*~ (stealth).
 22948 | D:14     | 22948 ||| INVOKING Heroism.
 22966 | D:14     | Received a gift from Okawaru
 23106 | D:14     | 23106 ||| SWAPPING to +4 broad axe of flaming.
 23107 | D:14     | 23107 ||| DROPPING +0 morningstar.
 23108 | D:14     | 23108 ||| DROPPING +3 broad axe.
 23145 | D:14     | 23145 ||| Stepping ~*~*~tactically~*~*~ (stealth).
 23525 | D:14     | 23525 ||| Stepping ~*~*~tactically~*~*~ (stealth).
 23527 | D:14     | 23527 ||| Stepping ~*~*~tactically~*~*~ (hiding).
 23528 | D:14     | 23528 ||| Stepping ~*~*~tactically~*~*~ (hiding).
 23974 | D:14     | 23974 ||| DROPPING amulet of faith.
 23975 | D:14     | 23975 ||| READING scroll labelled TUIDUB AXILA.
 23997 | D:15     | Entered Level 15 of the Dungeon
 24005 | D:15     | 24005 ||| STAIRDANCE
 24087 | D:15     | 24087 ||| Stepping ~*~*~tactically~*~*~ (hiding).
 24116 | D:15     | 24116 ||| Stepping ~*~*~tactically~*~*~ (stealth).
 24121 | D:15     | 24121 ||| INVOKING Heroism.
 24121 | D:15     | Noticed Rupert
 24122 | D:15     | 24122 ||| INVOKING Finesse.
 24151 | D:15     | Killed Rupert
 24155 | D:15     | 24155 ||| FLEEEEING.
 24156 | D:15     | 24156 ||| STAIRDANCE
 24352 | D:15     | 24352 ||| INVOKING Heroism.
 24353 | D:15     | 24353 ||| STAIRDANCE
 24385 | D:15     | 24385 ||| STAIRDANCE
 24458 | D:15     | 24458 ||| INVOKING Heroism.
 24464 | D:15     | 24464 ||| STAIRDANCE
 24468 | D:14     | Reached XP level 16. HP: 101/101 MP: 21/23
 24482 | D:15     | 24482 ||| STAIRDANCE
 24603 | D:15     | Found a staircase to the Depths.
 24620 | D:15     | 24620 ||| INVOKING Heroism.
 24644 | D:15     | 24644 ||| INVOKING Finesse.
 24646 | D:15     | 24646 ||| SWAPPING to +0 mace.
 24655 | D:15     | Reached skill level 17 in Axes
 24655 | D:15     | 24655 ||| SWAPPING to +4 broad axe of venom.
 24694 | D:15     | 24694 ||| INVOKING Heroism.
 24696 | D:15     | Received a gift from Okawaru
 24696 | D:15     | Found the +3 pair of seven-league boots {Rampage+∞}
 24709 | D:15     | 24709 ||| INVOKING Finesse.
 24715 | D:15     | 24715 ||| SWAPPING to +0 mace.
 24718 | D:15     | 24718 ||| Stepping ~*~*~tactically~*~*~ (outnumbered).
 24719 | D:15     | 24719 ||| Stepping ~*~*~tactically~*~*~ (outnumbered).
 24720 | D:15     | 24720 ||| Stepping ~*~*~tactically~*~*~ (outnumbered).
 24731 | D:15     | 24731 ||| Stepping ~*~*~tactically~*~*~ (outnumbered).
 24732 | D:15     | 24732 ||| Stepping ~*~*~tactically~*~*~ (outnumbered).
 24733 | D:15     | 24733 ||| Stepping ~*~*~tactically~*~*~ (hiding).
 24734 | D:15     | 24734 ||| SWAPPING to +4 broad axe of venom.
 24736 | D:15     | 24736 ||| SWAPPING to +0 mace.
 24743 | D:15     | 24743 ||| SWAPPING to +4 broad axe of venom.
 24960 | D:15     | 24960 ||| DROPPING +0 mace.
 24995 | D:15     | 24995 ||| Stepping ~*~*~tactically~*~*~ (hiding).
 24996 | D:15     | 24996 ||| INVOKING Heroism.
 25393 | D:15     | Found a shimmering blue altar of Sif Muna.
 25504 | D:15     | 25504 ||| PLANNING ORC
 25504 | D:15     | 25504 ||| UPGRADING to +3 pair of seven-league boots
                  | {Rampage+∞}.
 25514 | D:15     | 25514 ||| DROPPING +2 pair of boots.
 25515 | D:15     | 25515 ||| DROPPING ring of wizardry.
 25664 | Orc:1    | Entered Level 1 of the Orcish Mines
 25665 | Orc:1    | 25665 ||| INVOKING Heroism.
 25707 | Orc:1    | 25707 ||| INVOKING Heroism.
 25711 | Orc:1    | 25711 ||| Stepping ~*~*~tactically~*~*~ (stealth).
 25724 | Orc:1    | 25724 ||| Stepping ~*~*~tactically~*~*~ (stealth).
 25725 | Orc:1    | 25725 ||| Stepping ~*~*~tactically~*~*~ (stealth).
 25726 | Orc:1    | 25726 ||| Stepping ~*~*~tactically~*~*~ (stealth).
 25727 | Orc:1    | 25727 ||| Stepping ~*~*~tactically~*~*~ (stealth).
 25729 | Orc:1    | 25729 ||| INVOKING Finesse.
 25730 | Orc:1    | 25730 ||| Stepping ~*~*~tactically~*~*~ (stealth).
 25748 | Orc:1    | 25748 ||| INVOKING Heroism.
 25805 | Orc:1    | 25805 ||| Stepping ~*~*~tactically~*~*~ (stealth).
 25898 | Orc:1    | 25898 ||| Stepping ~*~*~tactically~*~*~ (stealth).
 25899 | Orc:1    | 25899 ||| Stepping ~*~*~tactically~*~*~ (stealth).
 25934 | Orc:1    | 25934 ||| Stepping ~*~*~tactically~*~*~ (hiding).
 25935 | Orc:1    | 25935 ||| Stepping ~*~*~tactically~*~*~ (hiding).
 25939 | Orc:1    | 25939 ||| Stepping ~*~*~tactically~*~*~ (stealth).
 26194 | Orc:2    | Entered Level 2 of the Orcish Mines
 26212 | Orc:2    | 26212 ||| Stepping ~*~*~tactically~*~*~ (hiding).
 26217 | Orc:2    | 26217 ||| Stepping ~*~*~tactically~*~*~ (hiding).
 26218 | Orc:2    | 26218 ||| INVOKING Heroism.
 26276 | Orc:2    | 26276 ||| Stepping ~*~*~tactically~*~*~ (stealth).
 26278 | Orc:2    | 26278 ||| Stepping ~*~*~tactically~*~*~ (hiding).
 26284 | Orc:2    | 26284 ||| Stepping ~*~*~tactically~*~*~ (hiding).
 26286 | Orc:2    | 26286 ||| INVOKING Heroism.
 26307 | Orc:2    | 26307 ||| Stepping ~*~*~tactically~*~*~ (hiding).
 26346 | Orc:2    | 26346 ||| INVOKING Finesse.
 26347 | Orc:2    | 26347 ||| INVOKING Heroism.
 26388 | Orc:2    | Found Sesute's Weapon Shop.
 26397 | Orc:2    | 26397 ||| BUYING +4 hand axe of flaming (356 gold).
 26397 | Orc:2    | Bought a +4 hand axe of flaming for 356 gold pieces
 26397 | Orc:2    | 26397 ||| DROPPING +0 flail.
 26436 | Orc:2    | 26436 ||| INVOKING Heroism.
 26449 | Orc:2    | Reached skill level 12 in Armour
 26461 | Orc:2    | HP: 17/104 [cyclops (16)]
 26461 | Orc:2    | HP: 6/104 [ogre/+0 giant spiked club (9)]
 26462 | Orc:2    | 26462 ||| READING 9 scrolls of teleportation.
 26462 | Orc:2    | Demolished by a two-headed ogre

Levels and vault maps discovered:
D:1:      lightli_arrival_quake, layout_loops_ring,
          nicolae_ecumenical_snake_handling, minmay_hexomino_u4
D:2:      layout_loops_ring, dreamdust_wishing_well, uniq_jessica
D:3:      layout_rooms, hangedman_abyss_or_decor_lesser_grid,
          minmay_misc_feat_four_crosses
D:4:      cheibrodos_greedy_goblins, layout_loops_ring,
          nicolae_overflow_hidden_temple, enter_ossuary_4
D:5:      layout_cave_pools, mainiacjoe_overflow_two_lobes, temple_hall,
          hellmonk_ghost_happy_afterlife, uniq_sigmund, uniq_ijyb
D:6:      layout_loops_corners, nicolae_shop_fire_sale [nicolae_sub_dead_trees],
          kennysheep_generic_room_11
D:7:      layout_basic, minmay_misc_feat_nine_boxes, uniq_pikel, uniq_menkaure
D:8:      layout_gridville, nicolae_uskayaw_dance_hall,
          gammafunk_ghost_nasty_kobolds, minmay_alternating_orb
D:9:      layout_roguey, nicolae_ru_the_path_less_chosen, orc_0_dummy,
          uniq_maggie
D:10:     layout_loops_ring, due_lair_maze_entry_diamond
D:11:     kennysheep_seaside_town, layout_cave_pools, uniq_fannar, uniq_maurice,
          uniq_urug
D:12:     gammafunk_sealed_library, layout_stronghold
D:13:     layout_long_grid, serial_glass, glass_columns_a, glass_columns_b,
          glass_columns_a, glass_columns_a, glass_columns_a, glass_columns_a,
          glass_columns_a, glass_columns_b, kennysheep_doodads,
          hellmonk_bongcloud_opening, nicolae_kikubaaqudgha_miasma_corner,
          uniq_lodul
D:14:     layout_cave_pods, lightli_vaults_fourway_checkpoint,
          gauntlet_entry_generic, uniq_josephine
D:15:     gammafunk_depths_entry_grave, layout_cave_pools, serial_bayou,
          serial_bayou_pond_c, serial_bayou_shore_a, serial_bayou_lake_a,
          serial_bayou_pond_d, serial_bayou_lagoon_b, serial_bayou_pond_a,
          lemuel_blue_sif_altar, uniq_rupert
Temple:   nicolae_temple_bog_church
Lair:1:   layout_gridlike
Lair:2:   dreamdust_cave_troll, layout_gridlike, minmay_swamp_entry_swarm,
          hellmonk_spider_entry_life_and_decay
Lair:3:   layout_cave_pods, enter_volcano_4, portal_ice_cave_demonic_guard,
          eino_small_chamber_without_monster, infiniplex_staircase_pool_2,
          grunt_megastairs_3, uniq_nergalle
Lair:4:   layout_misc_corridors, minmay_slime_entry_jelly_boxes,
          minmay_lindwurm_lava
Lair:5:   minmay_lair_end_frog_pond, layout_cave_pods,
          chequers_serial_rivers_large_a, eino_house_with_fridge
Orc:1:    layout_caves, dreamdust_deal_with_the_devil, mines2_david
Orc:2:    st_orc_open, layout_caves, serial_shops, shop,
          nicolae_orc_stony_grotto, nicolae_orc_pool_cavern, uniq_nessos

Skill      XL: |  1  2  3  4  5  6  7  8  9 10 11 12 13 14 15 16 |
---------------+-------------------------------------------------+-----
Axes           | 2 3 5 6 7 8 9 10 11 13 14 16 17 | 17.2
Dodging        | 1 2 3 4 5 |  5.1
Fighting       | 4 6 8 9 10 11 12 13 | 13.0
Armour         | 4 6 8 9 11 12 | 12.0
Invocations    | 4 8 10 | 10.0
Throwing       | 1 2 3 5 |  5.0
Shields        | 4 5 6 7 9 13 | 13.0

Action                   |  1- 3 |  4- 6 |  7- 9 | 10-12 | 13-15 | 16-18 || total
-------------------------+-------+-------+-------+-------+-------+-------++-------
Melee: War axe           |    65 |   158 |   185 |       |       |       ||   408
       Broad axe         |       |       |    64 |   530 |  1001 |   209 ||  1804
       Morningstar       |       |       |       |     9 |    40 |       ||    49
       Mace              |       |       |       |       |       |    24 ||    24
Throw: Boomerang         |       |       |    18 |    47 |    53 |    15 ||   133
       Javelin           |       |       |       |       |    46 |    13 ||    59
Invok: Heroism           |       |       |    13 |    28 |    42 |    10 ||    93
       Finesse           |       |       |       |     1 |    12 |     4 ||    17
  Use: Scroll            |     2 |     2 |     6 |     9 |     7 |     1 ||    27
       Potion            |     1 |     5 |     6 |     3 |     1 |       ||    16
 Stab: Distracted        |       |       |       |       |     1 |       ||     1
Armor: Scale mail        |    28 |    34 |       |       |       |       ||    62
       Chain mail        |       |    43 |    79 |       |    38 |       ||   160
       Plate armour      |       |       |    70 |   364 |   523 |   131 ||  1088
Dodge: Dodged            |    26 |    55 |    82 |   254 |   334 |   104 ||   855
Block: Buckler           |    12 |    23 |    41 |   145 |   149 |       ||   370
       Kite shield       |       |       |       |       |   265 |   138 ||   403

Table legend:
 A = Non-vault XP
 B = Vault XP
 C = Vault XP percentage of total XP
 D = Non-vault monster count
 E = Vault monster count
 F = Vault count percentage of total count
                 A         B        C        D         E       F
            +---------+---------+-------+---------+---------+-------
      Total |  100481 |   57088 |  36.2 |     501 |     224 |  30.9
            +---------+---------+-------+---------+---------+-------
        D:1 |      28 |      12 |  30.0 |      17 |       8 |  32.0
        D:2 |      44 |      37 |  45.7 |      12 |       1 |   7.7
        D:3 |     143 |       0 |   0.0 |      19 |       0 |   0.0
        D:4 |     258 |      31 |  10.7 |      14 |      17 |  54.8
        D:5 |     524 |     262 |  33.3 |       9 |       2 |  18.2
        D:6 |    1001 |      40 |   3.8 |      28 |       1 |   3.4
        D:7 |     990 |     743 |  42.9 |      11 |       2 |  15.4
        D:8 |    2496 |    2070 |  45.3 |      36 |      15 |  29.4
        D:9 |    2986 |     398 |  11.8 |      26 |       1 |   3.7
       D:10 |    2199 |    1300 |  37.2 |      16 |      10 |  38.5
       D:11 |    3866 |    3046 |  44.1 |      19 |      21 |  52.5
       D:12 |    6318 |       0 |   0.0 |      21 |       0 |   0.0
       D:13 |    7969 |    1466 |  15.5 |      16 |       7 |  30.4
       D:14 |    8202 |   12036 |  59.5 |      17 |      20 |  54.1
       D:15 |   11327 |    5948 |  34.4 |      32 |       7 |  17.9
     Lair:1 |    5477 |       0 |   0.0 |      18 |       0 |   0.0
     Lair:2 |    7417 |    2327 |  23.9 |      33 |       9 |  21.4
     Lair:3 |    6733 |    2153 |  24.2 |      22 |       6 |  21.4
     Lair:4 |    8233 |    3163 |  27.8 |      31 |      19 |  38.0
     Lair:5 |   15780 |   12976 |  45.1 |      41 |      50 |  54.9
      Orc:1 |    5549 |      18 |   0.3 |      43 |       6 |  12.2
      Orc:2 |    2941 |    9062 |  75.5 |      20 |      22 |  52.4
            +---------+---------+-------+---------+---------+-------
